AoeStats
← M@nqu!to

Arabia

505395248Analyzed
1v1 RM · 22d ago on Sep 9, 2026· 30m 11s· 2 players
Game mode
Random Map
Map size
Tiny (2 player)
Population
200
Speed
Normal
Resources
Standard
Victory
Conquest
Starting age
Dark Age
Ending age
Imperial Age
RankedLock teamsTeams togetherTeam positionsShared explorationLock speedFull tech treeHidden civsTurbo modeCheats
Victory
Defeat
🇵🇪 Japanese · Peru
1180
+15
🇧🇪 Inca · Belgium
1152
-15
Arshadox
10:52 Feudal Age
10:56 Champi Runner
14:43 Fletching
19:02 Forging
18:52 Scale Mail Armor
20:27 Loom
21:23 Double-Bit Axe
21:19 Horse Collar
21:26 Horse Collar
27:07 Castle Age
27:26 Champi Warrior
28:07 Squires
28:34 Bodkin Arrow
28:40 Padded Archer Armor
28:47 Elite Skirmisher
M@nqu!to
7:03 Loom
9:54 Feudal Age
9:58 Man-at-Arms
10:35 Double-Bit Axe
10:34 Horse Collar
14:37 Fletching
16:26 Padded Archer Armor
17:12 Arson
17:28 Town Watch
18:19 Wheelbarrow
23:49 Castle Age
23:53 Crossbowman
24:38 Bodkin Arrow
Connection lost

Rejoining the realm…

Still unreachable

The connection could not be restored.

Session expired

The server has moved on; the page needs a fresh start.